 Dungeon Crawl Stone Soup version 0.24-a0-447-ge8da9206dc (webtiles) character file.

Game seed: 12815249724182186587

165 pk666 the Magician (level 5, -2/28 HPs)
             Began as a Deep Elf Wizard on June 25, 2019.
             Killed from afar by an orc wizard (4 damage)
             ... with a puff of flame
             ... on level 4 of the Dungeon.
             The game lasted 00:05:06 (3204 turns).

pk666 the Magician (Deep Elf Wizard)                Turns: 3204, Time: 00:05:06

Health: -2/28      AC:  2    Str:  4    XL:     5   Next: 22%
Magic:  4/14       EV: 13    Int: 24    God:
Gold:   201        SH:  0    Dex: 13    Spells: 5/14 levels left

rFire    . . .     SeeInvis .   i - +2 dagger (holy)
rCold    . . .     Gourm    .   (no shield)
rNeg     . . .     Faith    .   a - +0 robe
rPois    .         Spirit   .   b - +0 hat
rElec    .         Reflect  .   (no cloak)
rCorr    .         Harm     .   (no gloves)
MR       .....                  (no boots)
Stlth    ++........             (no amulet)
HPRegen  0.09/turn              (no ring)
MPRegen  0.14/turn              (no ring)

@: very slightly contaminated
A: no striking features
a: no special abilities


You were on level 4 of the Dungeon.
You were not hungry.

You visited 1 branch of the dungeon, and saw 4 of its levels.

You collected 201 gold pieces.

Inventory:

Hand Weapons
 i - a +2 dagger of holy wrath (weapon)
Armour
 a - a +0 robe (worn)
 b - a +0 hat (worn)
Jewellery
 r - a cursed ring of flight {unknown}
Scrolls
 f - 3 scrolls of remove curse {unknown}
 h - 2 scrolls of teleportation {unknown}
 j - 3 scrolls of identify {unknown}
 k - 2 scrolls of random uselessness {unknown}
 l - a scroll of enchant armour {unknown}
 m - a scroll of enchant weapon {unknown}
 p - a scroll of immolation {unknown}
Potions
 c - 4 potions of curing {unknown}
 e - 2 potions of brilliance {unknown}
 g - a potion of cancellation {unknown}
 n - a potion of berserk rage {unknown}
 o - a potion of heal wounds {unknown}
 q - a potion of invisibility {unknown}
 s - a potion of resistance {unknown}
Comestibles
 d - 5 rations
 t - 4 chunks of flesh


   Skills:
 - Level 3.1 Dodging
 - Level 2.4 Stealth
 + Level 5.4 Spellcasting
 + Level 2.8 Conjurations
   Level 1.1 Summonings
 - Level 2.0 Translocations
 + Level 1.4 Fire Magic
 + Level 1.2 Air Magic
 + Level 1.5 Poison Magic


You had 5 spell levels left.
You knew the following spells:

 Your Spells              Type           Power        Failure   Level  Hunger
a - Magic Dart            Conj           ###.         2%          1    None
b - Blink                 Tloc           N/A          5%          2    None
c - Conjure Flame         Conj/Fire      ###.....     11%         3    #......
d - Mephitic Cloud        Conj/Pois/Air  ###.....     12%         3    #......

Your spell library contained the following spells:

 Spells                   Type           Power        Failure   Level  Hunger
 Call Imp                 Summ           ##......     9%          2    None
 Slow                     Hex            #.......     13%         2    None


Dungeon Overview and Level Annotations

Branches:
Dungeon (4/15)
 Temple: D:4-7

Altars:
Elyvilon
Nemelex Xobeh
Xom

Annotations:
D:1 exclusion: downstairs
D:2 Sigmund
D:3 Grinder


Message History

Press: ? - help, Shift-Dir - straight line, f/p - orc wizard
Aim: an orc wizard, wielding a +0 dagger and wearing a +0 robe (almost dead, fast)
The magic dart hits the orc wizard.
The orc wizard is almost dead.
The orc priest shouts!
The orc wizard looks braver for a moment.
The orc wizard looks encouraged for a moment.
The orc priest mumbles some strange prayers to Beogh against you.
Beogh smites you!
* * * LOW HITPOINT WARNING * * *
Casting: Magic Dart (safe; 2% risk of failure)
Confirm with . or Enter, or press ? or * to list all spells.
Aiming: Magic Dart (safe; 2% risk of failure)
Press: ? - help, Shift-Dir - straight line, f/p - orc wizard
Aim: an orc wizard, wielding a +0 dagger and wearing a +0 robe (almost dead, fast)
The magic dart hits the orc wizard but does no damage.
The orc wizard is almost dead.
The orc wizard casts a spell at you. The puff of flame hits you.
You die...

.. ##.. #.o.
..# ####...
##.... ...
.......##...).
...
............#
...
...........#
...
....%......#
...
........o..#
... #@...# ..#
..... ##...#
...##....
##).#
#...#....
#..## #.......
##..# #......
##.## #.....
##.## #.....
##.## ##....#
##.###......


You could see an orc priest and an orc wizard.

Vanquished Creatures
  A scorpion (D:4)
  An orc wizard (D:4)
  Jessica (D:2)
  2 oozes
  2 worms (D:3)
  2 dart slugs (D:3)
  3 leopard geckos
  2 orcs (D:4)
  2 giant cockroaches
  4 goblins
  7 hobgoblins
  5 kobolds
  6 bats
  A frilled lizard (D:1)
  A quokka skeleton (D:4)
  3 rats (D:2)
43 creatures vanquished.

Notes
Turn   | Place    | Note
-------+----------+-------------------------------------------
     0 | D:1      | pk666 the Deep Elf Wizard began the quest for the Orb.
     0 | D:1      | Reached XP level 1. HP: 10/10 MP: 7/7
   127 | D:1      | Reached XP level 2. HP: 15/15 MP: 0/9
   656 | D:1      | Found a sparkling altar of Nemelex Xobeh.
   807 | D:2      | Found a white marble altar of Elyvilon.
   995 | D:2      | Reached skill level 5 in Spellcasting
   995 | D:2      | Reached XP level 3. HP: 19/19 MP: 8/11
   999 | D:2      | Learned a level 2 spell: Blink
  1003 | D:2      | Learned a level 3 spell: Conjure Flame
  1007 | D:2      | Learned a level 3 spell: Mephitic Cloud
  1028 | D:2      | Noticed Jessica
  1043 | D:2      | Killed Jessica
  1105 | D:2      | Noticed Sigmund
  1596 | D:3      | Noticed Grinder
  1636 | D:3      | Reached XP level 4. HP: 24/24 MP: 5/13
  1733 | D:3      | Paralysed by Grinder for 7 turns
  2182 | D:3      | Found a shimmering altar of Xom.
  2863 | D:4      | Reached skill level 1 in Fire Magic
  2863 | D:4      | Reached skill level 1 in Air Magic
  2863 | D:4      | Reached skill level 1 in Poison Magic
  3057 | D:4      | Reached XP level 5. HP: 28/28 MP: 8/14
  3204 | D:4      | Killed from afar by an orc wizard

Levels and vault maps discovered:
D:1:      minmay_arrival_statue_studded, layout_rooms, nemelex_altar_shiori
D:2:      layout_rooms, elyvilon_altar_4, uniq_jessica, uniq_sigmund
D:3:      layout_loops_corners, tgw_xom, uniq_grinder
D:4:      layout_layer_cave, yredelemnul_forgotten_temple_becter, first_ration,
          serial_shops, nicolae_shop_statue_plus, shop, shop_statue,
          trog_three_pillars_becter

Skill      XL: |  1  2  3  4  5 |
---------------+----------------+-----
Dodging        | 3 |  3.1
Conjurations   | 2 |  2.8
Spellcasting   | 5 |  5.4
Fire Magic     | 1 |  1.4
Air Magic      | 1 |  1.2
Poison Magic   | 1 |  1.5
Translocations | 2 |  2.0
Stealth        | |  2.4
Summonings     | |  1.1

Action                   |  1- 3 |  4- 6 || total
-------------------------+-------+-------++-------
 Cast: Magic Dart        |    86 |    77 ||   163
       Conjure Flame     |       |     1 ||     1
  Eat: Chunk             |     2 |     5 ||     7
Armor: Robe              |     3 |     2 ||     5
Dodge: Dodged            |    13 |     8 ||    21

Table legend:
 A = Non-vault XP
 B = Vault XP
 C = Vault XP percentage of total XP
 D = Non-vault monster count
 E = Vault monster count
 F = Vault count percentage of total count
                 A         B        C        D         E       F
            +---------+---------+-------+---------+---------+-------
      Total |     184 |      53 |  22.4 |      36 |       7 |  16.3
            +---------+---------+-------+---------+---------+-------
        D:1 |      30 |       0 |   0.0 |      14 |       0 |   0.0
        D:2 |      17 |      37 |  68.5 |      10 |       1 |   9.1
        D:3 |      23 |      16 |  41.0 |       7 |       6 |  46.2
        D:4 |     114 |       0 |   0.0 |       5 |       0 |   0.0
            +---------+---------+-------+---------+---------+-------
